 Dungeon Crawl Stone Soup version 0.17-a0-2208-ge5ab1d3 (webtiles) character file.

20 Duffy the Chopper (level 2, -4/19 HPs)
             Began as a Tengu Fighter on Oct 26, 2015.
             Slain by Nico3ck's ghost (8 damage)
             ... on level 3 of the Dungeon.
             The game lasted 00:00:56 (1038 turns).

Duffy the Chopper (Tengu Fighter)                   Turns: 1038, Time: 00:00:56

Health: -4/19      AC:  6    Str: 16    XL:     2   Next: 79%
Magic:  3/3        EV:  6    Int:  8    God:
Gold:   99         SH:  9    Dex: 13    Spells: 0 memorised, 1 level left

rFire  . . .     SeeInvis .     a - +0 war axe
rCold  . . .     Clarity  .     b - +0 scale mail
rNeg   . . .     SustAt   .     c - +0 shield
rPois  .         Gourm    .     (helmet restricted)
rElec  .         Spirit   .     (no cloak)
rCorr  .         Warding  .     (no gloves)
rMut   .         Stasis   .     (boots unavailable)
MR     .....                    (no amulet)
Stlth  ..........               (no ring)
                                (no ring)

@: not resistant to hostile enchantments, extremely unstealthy
A: beak, talons 3
a: no special abilities


You were on level 3 of the Dungeon.
You were not hungry.

You visited 1 branch of the dungeon, and saw 3 of its levels.

You collected 99 gold pieces.


Innate Abilities, Weirdness & Mutations

You have a beak for a mouth.
You have claws for feet.


   Skills:
 - Level 3.0 Fighting
 + Level 3.5 Axes
 - Level 3.2 Armour
 - Level 3.0 Shields


You had one spell level left.
You didn't know any spells.

Inventory:

Hand Weapons
 a - a +0 war axe (weapon)
Missiles
 l - 19 poisoned needles
Armour
 b - a +0 scale mail (worn)
 c - a +0 shield (worn)
Scrolls
 h - a scroll of remove curse {unknown}
 j - a scroll of immolation {unknown}
 k - 2 scrolls of identify {unknown}
Potions
 d - a potion of might
 f - a potion of degeneration {unknown}
Comestibles
 e - 2 bread rations
 g - 2 meat rations
 i - 3 fruits

Dungeon Overview and Level Annotations

Branches:
Dungeon (3/15)

Altars:

Annotations:
D:3 Nico3ck's ghost, amateur NaBe


Message History

You block Nico3ck's ghost's attack. Nico3ck's ghost hits you.
Your shield prevents you from hitting Nico3ck's ghost.
Your kick misses Nico3ck's ghost.
Nico3ck's ghost is lightly damaged.
Nico3ck's ghost screams in joy, "As in life, so in death: Kill!
Kill!!
Kill!!!"
Nico3ck's ghost hits you but does no damage.
You hit Nico3ck's ghost.
Nico3ck's ghost is moderately damaged.
Nico3ck's ghost barely misses you. You block Nico3ck's ghost's attack.
You completely miss Nico3ck's ghost.
Nico3ck's ghost is moderately damaged.
Nico3ck's ghost hits you!
You are too injured to fight recklessly!
You are too injured to fight recklessly!
You are too injured to fight recklessly!
You are too injured to fight recklessly!
You are too injured to fight recklessly!
You are too injured to fight recklessly!
You are too injured to fight recklessly!
You are too injured to fight recklessly!
You are too injured to fight recklessly!
You are too injured to fight recklessly!
You are too injured to fight recklessly!
You are too injured to fight recklessly!
You are too injured to fight recklessly!
You are too injured to fight recklessly!
You are too injured to fight recklessly!
You are too injured to fight recklessly!
You are too injured to fight recklessly!
You are too injured to fight recklessly!
You are too injured to fight recklessly!
You slash Nico3ck's ghost!
Nico3ck's ghost is heavily damaged.
Nico3ck's ghost hits you!
You die...

............
..#........
#.#........
..........
#.........
.........
#W?......
#@##+#
#.##.#
#..#.#
##.#.# #.#.#
#...# ##..#
#..## ##..#


You could see Nico3ck's ghost.

Action                   || total
-------------------------++-------
Melee: War axe           ||    39

Notes
Turn   | Place    | Note
--------------------------------------------------------------
     0 | D:1      | Duffy the Tengu Fighter began the quest for the Orb.
     0 | D:1      | Reached XP level 1. HP: 14/14 MP: 2/2
   370 | D:1      | Reached skill level 3 in Axes
   370 | D:1      | Reached XP level 2. HP: 19/19 MP: 3/3
  1026 | D:3      | Noticed Nico3ck's ghost (amateur NaBe)
  1038 | D:3      | Slain by Nico3ck's ghost

Vault maps used:
D:1:      dpeg_arrival_court, serial_bayou_pond_e
D:2:      first_bread, uniq_sigmund, uniq_crazy_yiuf_cottage, uniq_robin

Vanquished Creatures
  An ooze
  A ball python
  A giant cockroach
  A goblin
  A hobgoblin
  2 kobolds
  4 bats
  A giant newt
  4 rats
16 creatures vanquished.
